 Dungeon Crawl Stone Soup version 0.24-a0-451-g263dff2034 (webtiles) character file.

Game seed: 2752122083465697869

512 Nvm9 the Chopper (level 6, -4/48 HPs)
             Began as a Demonspawn Fighter on June 26, 2019.
             Slain by an orc
             ... wielding a +0 scimitar
              (7 damage)
             ... on level 4 of the Dungeon.
             The game lasted 00:06:28 (3997 turns).

Nvm9 the Chopper (Demonspawn Fighter)               Turns: 3997, Time: 00:06:29

Health: -4/48      AC:  7    Str: 18    XL:     6   Next: 99%
Magic:  6/6        EV:  7    Int: 10    God:
Gold:   145        SH:  9    Dex: 12    Spells: 5/5 levels left

rFire    . . .     SeeInvis .   r - +0 falchion (vamp)
rCold    . . .     Gourm    .   c - +0 shield
rNeg     . . .     Faith    .   b - +0 scale mail
rPois    .         Spirit   .   (no helmet)
rElec    .         Reflect  .   (no cloak)
rCorr    .         Harm     .   (no gloves)
MR       .....                  (no boots)
Stlth    ..........             (no amulet)
HPRegen  0.16/turn              (no ring)
MPRegen  0.10/turn              (no ring)

@: very slightly contaminated, invisible
A: foul stench 1, rot immunity
a: no special abilities


You were on level 4 of the Dungeon.
You were hungry.

You visited 2 branches of the dungeon, and saw 5 of its levels.

You collected 145 gold pieces.

Inventory:

Hand Weapons
 a - a +0 war axe
 d - a +1 falchion of slicing
 r - a +0 vampiric falchion (weapon)
Missiles
 i - 6 datura-tipped darts (quivered)
 p - 2 boomerangs
Armour
 b - a +0 scale mail (worn)
 c - a +0 shield (worn)
 q - a +0 scale mail
Jewellery
 m - an uncursed ring of ice {unknown}
Scrolls
 e - 4 scrolls of fog {unknown}
 g - 2 scrolls of amnesia {unknown}
 h - 2 scrolls of enchant weapon {unknown}
 j - a scroll of teleportation {unknown}
 k - a scroll of enchant armour {unknown}
 l - 4 scrolls of identify {unknown}
 n - a scroll of fear {unknown}
 o - a scroll of blinking {unknown}
Comestibles
 f - 6 rations


   Skills:
 + Level 3.7 Fighting
 + Level 0.6 Long Blades
 + Level 4.3 Axes
 + Level 4.3 Armour
 + Level 0.8 Dodging
 + Level 0.2 Stealth
 + Level 4.1 Shields


You had 5 spell levels left.
You didn't know any spells.
Your spell library contained the following spells:

 Spells                   Type           Power        Failure   Level  Hunger
 Animate Skeleton         Necr           N/A          99%         1    ##.....
 Apportation              Tloc           #.....       99%         1    ##.....
 Confusing Touch          Hex            #.....       99%         1    ##.....
 Summon Small Mammal      Summ           #...         99%         1    ##.....


Dungeon Overview and Level Annotations

Branches:
Dungeon (4/15)             Temple (1/1) D:4

Altars:
Ashenzari
Cheibriados
Dithmenos
Elyvilon
Fedhas
Gozag
Hepliaklqana
Kikubaaqudgha
Nemelex Xobeh
Okawaru
Qazlal
Sif Muna
Trog
Uskayaw
Wu Jian
Xom
Yredelemnul
The Shining One


Innate Abilities, Weirdness & Mutations

You may emit foul miasma when damaged in melee.
You are immune to rotting.


Message History

The gnoll is severely wounded.
The gnoll is no longer moving quickly.
The gnoll hits you!
* * * LOW HITPOINT WARNING * * *
You block the orc's attack. You block the gnoll's attack.
You block the orc's attack.
Unknown command.
You hit the gnoll.
You kill the gnoll!
The adder skeleton bites you but does no damage.
You block the orc's attack.
Unknown command.
It was a potion of invisibility.
You fade into invisibility!
The adder skeleton closely misses you. You block the gnoll's attack.
You are very lightly contaminated with residual magic.
You block the orc's attack.
You hit the orc.
The orc is lightly wounded.
The orc hits you with a +0 scimitar!
You die...

..>....# #.#
#.####.###### #.#
.....<......# #.#
##.###.####.# #.# #.#
#.# #.# #.# #.###.# #.#
#.# ....... ##.##
#.######## ...
#..##...###.........
.#.#.#..........@.######
.#.#.#.##....###oZ#
........)####..#
..$...)..gZ.g..#
....##)#######.# ...# #.
.... .. #. #.### . ..
..# ## ###


You could see a gnoll, an orc and an adder skeleton.

Vanquished Creatures
  3 orc priests (D:3)
  A jelly (D:3)
  A gnoll shaman (D:4)
  3 orc wizards
  A worker ant (D:4)
  2 iguanas (D:4)
  2 gnolls (D:4)
  5 adders
  4 oozes (D:1)
  6 worms
  2 dart slugs
  5 leopard geckos
  12 orcs
  4 bats
  13 goblins
  8 hobgoblins
  7 jackals
  2 quokkas
  8 frilled lizards
  9 kobolds
  6 rats
104 creatures vanquished.

Notes
Turn   | Place    | Note
-------+----------+-------------------------------------------
     0 | D:1      | Nvm9 the Demonspawn Fighter began the quest for the Orb.
     0 | D:1      | Reached XP level 1. HP: 18/18 MP: 1/1
    49 | D:1      | Gained mutation: You are immune to rotting. [demonic
                  | ancestry]
    49 | D:1      | Reached XP level 2. HP: 22/24 MP: 2/2
   156 | D:1      | Gained mutation: You may emit foul miasma when damaged in
                  | melee. [demonic ancestry]
   156 | D:1      | Reached XP level 3. HP: 28/29 MP: 3/3
   956 | D:2      | Found a shattered altar of Ashenzari.
  1077 | D:2      | Reached XP level 4. HP: 10/35 MP: 4/4
  1781 | D:3      | Reached XP level 5. HP: 29/41 MP: 5/5
  2423 | D:3      | Found a faded altar of an unknown god.
  2666 | D:3      | Found a bloodstained altar of Trog.
  2758 | D:3      | Found a blossoming altar of Fedhas.
  2762 | D:3      | Found a stormy altar of Qazlal.
  2767 | D:3      | Found a shadowy altar of Dithmenos.
  2773 | D:3      | Reached XP level 6. HP: 32/47 MP: 6/6
  3143 | D:3      | Found a basalt altar of Yredelemnul.
  3157 | D:3      | Found an iron altar of Okawaru.
  3203 | D:3      | Found a glowing golden altar of the Shining One.
  3792 | D:4      | Found a staircase to the Ecumenical Temple.
  3894 | Temple   | Entered the Ecumenical Temple
  3986 | D:4      | HP: 1/48 [gnoll (7)]
  3997 | D:4      | Slain by an orc

Levels and vault maps discovered:
D:1:      erik_arrival_gehennom, layout_loops_cross, minmay_tetromino_s4
D:2:      layout_rooms, overflow_temple_1_default
D:3:      layout_loops_ring, grunt_temple_overflow_forces_of_nature, minitemple,
          lightli_temple_of_fire, grunt_dithmenos_smoke,
          chequers_ecumenical_altar_twisty, tso_altar
D:4:      layout_loops_ring, minmay_temple_entry_stoned_glass
Temple:   eino_temple_lava

Skill      XL: |  1  2  3  4  5  6 |
---------------+-------------------+-----
Axes           | 2 3 4 |  4.3
Shields        | 3 4 |  4.1
Armour         | 3 4 |  4.3
Fighting       | |  3.7
Long Blades    | |  0.6
Dodging        | |  0.8
Stealth        | |  0.2

Action                   |  1- 3 |  4- 6 || total
-------------------------+-------+-------++-------
Melee: War axe           |   117 |   146 ||   263
       Falchion          |       |   100 ||   100
  Use: Potion            |     2 |     4 ||     6
  Eat: Chunk             |     1 |     9 ||    10
Armor: Scale mail        |    42 |    93 ||   135
       Skin              |    13 |       ||    13
Dodge: Dodged            |    31 |    78 ||   109
Block: Shield            |    64 |   151 ||   215
       Rpst.: Falchion   |       |     9 ||     9

Table legend:
 A = Non-vault XP
 B = Vault XP
 C = Vault XP percentage of total XP
 D = Non-vault monster count
 E = Vault monster count
 F = Vault count percentage of total count
                 A         B        C        D         E       F
            +---------+---------+-------+---------+---------+-------
      Total |     714 |      18 |   2.5 |      99 |       5 |   4.8
            +---------+---------+-------+---------+---------+-------
        D:1 |      45 |      18 |  28.6 |      18 |       5 |  21.7
        D:2 |      90 |       0 |   0.0 |      32 |       0 |   0.0
        D:3 |     340 |       0 |   0.0 |      35 |       0 |   0.0
        D:4 |     239 |       0 |   0.0 |      14 |       0 |   0.0
            +---------+---------+-------+---------+---------+-------
